 Dungeon Crawl Stone Soup version 0.29.1-2-gbd0b4ee654 (webtiles) character file.

Game seed: 12001995519608326041

71903 concernfroge the Marksmummy (level 14, -9/104 HPs)
             Began as a Mummy Monk on Nov 25, 2022.
             Was an Initiate of Gozag.
             Mangled by an orc knight
             ... wielding a +0 great sword of holy wrath
              (19 damage)
             ... on level 2 of the Orcish Mines.
             The game lasted 01:11:11 (20933 turns).

concernfroge the Marksmummy (Mummy Monk)           Turns: 20933, Time: 01:11:13

Health: -9/104     AC: 19    Str: 17    XL:     14   Next: 99%
Magic:  14/14      EV: 22    Int: 13    God:    Gozag
Gold:   2933       SH:  0    Dex: 20    Spells: 13/13 levels left

rFire   . . .      SeeInvis +   b - +5 arbalest "Cickos" {flame, rElec Dex+3}
rCold   + . .      Faith    .   (shield currently unavailable)
rNeg    + + +      Spirit   .   m - +2 leather armour {rF+}
rPois   ∞          Reflect  .   u - +2 hat {SInv}
rElec   +          Harm     .   j - scarf {+Inv}
rCorr   .          Rampage  .   L - +4 pair of gloves of Forking Paths {Int+4}
Will    +....                   d - +1 pair of boots
Stlth   ++........              A - amulet of regeneration
HPRegen 1.07/turn               t - +4 ring of evasion
MPRegen 0.14/turn               H - +4 ring of protection

@: about to teleport, gold aura
A: cold resistance 1, negative energy resistance 3, torment resistance 2, heat
vulnerability 1, in touch with death 2, no potions
a: Renounce Religion, Evoke Invisibility, Potion Petition, Call Merchant, Bribe
Branch


You were on level 2 of the Orcish Mines.
You worshipped Gozag.
Gozag was most pleased with you.
You visited 4 branches of the dungeon, and saw 20 of its levels.
You also visited: Ossuary, Bailey and Gauntlet.

You collected 7262 gold pieces.
You spent 1243 gold pieces at shops.
You paid 3086 gold pieces to Gozag.

Inventory:

Hand Weapons
 a - a +4 broad axe of venom
 b - the +5 arbalest "Cickos" (weapon) {flame, rElec Dex+3}
   (You bought it in a shop on level 3 of the Dungeon)

   Any ammunition fired from it burns those it strikes, dealing additional fire
   damage.
   Dex:       It affects your dexterity (+3).
   rElec:     It insulates you from electricity.
Missiles
 h - 31 boomerangs
 k - 18 poisoned darts
 p - 3 silver javelins
 v - a curare-tipped dart
 B - 5 atropa-tipped darts (quivered)
 I - 6 silver boomerangs
 N - 6 javelins
 P - 2 throwing nets
Armour
 d - a +1 pair of boots (worn)
 j - a scarf of invisibility (worn)
 m - a +2 leather armour of fire resistance (worn)
 u - a +2 hat of see invisible (worn)
 L - the +4 pair of gloves of Forking Paths (worn) {Int+4}
   (You found it in a Gauntlet)

   Int:       It affects your intelligence (+4).
Jewellery
 e - a ring of ice
 n - a ring of protection from cold
 r - the ring "Feaz" {Ice Str+2}
   (You found it on level 5 of the Dungeon)

   [ring of ice]

   It enhances your ice magic.
   Str:       It affects your strength (+2).
   rF:        It makes you vulnerable to fire.
   rC:        It protects you from cold.
 t - a +4 ring of evasion (left hand)
 x - a ring of see invisible
 A - an amulet of regeneration (around neck)
 C - a ring of ice
 D - an amulet of reflection
 H - a +4 ring of protection (right hand)
Wands
 f - a wand of charming (17)
 g - a wand of digging (10)
 z - a wand of light (5)
 J - a wand of polymorph (7)
Scrolls
 c - 4 scrolls of teleportation
 i - a scroll of magic mapping
 l - 5 scrolls of noise
 o - 2 scrolls of poison
 s - 3 scrolls of immolation
 w - 10 scrolls of identify
 y - 5 scrolls of amnesia
 E - a scroll of torment
 F - 2 scrolls of enchant weapon
 G - 2 scrolls of blinking
 K - a scroll of brand weapon
Miscellaneous
 q - a tin of tremorstones (2/2)


   Skills:
 + Level 7.7 Fighting
 - Level 2.4 Polearms
 - Level 18.0 Ranged Weapons
 - Level 5.0 Armour
 + Level 9.7 Dodging
 - Level 1.5 Stealth
 + Level 6.3 Evocations


You had 13 spell levels left.
You didn't know any spells.
Your spell library contained the following spells:

 Spells                   Type           Power      Damage    Failure   Level
 Foxfire                  Conj/Fire      0%         2x1d4     36%         1
 Magic Dart               Conj           0%         1d3       36%         1
 Necrotise                Necr           0%         1d4       36%         1
 Searing Ray              Conj           0%         2d4       50%         2
 Vampiric Draining        Necr           0%         2d6       73%         3
 Dispel Undead            Necr           0%         3d6       98%         4
 Flame Wave               Conj/Fire      0%         2d4       98%         4
 Fulminant Prism          Conj/Hex       0%         3d6       98%         4
 Petrify                  Tmut/Erth      0%         N/A       98%         4
 Agony                    Necr           0%         N/A       100%        5
 Fireball                 Conj/Fire      0%         3d3       100%        5
 Metabolic Englaciation   Hex/Ice        0%         N/A       100%        5
 Death Channel            Necr           0%         N/A       100%        6
 Corpse Rot               Necr/Pois/Air  Unusable   N/A       N/A         4
 Statue Form              Tmut/Erth      Unusable   N/A       N/A         6

Dungeon Overview and Level Annotations

Branches:
Dungeon (12/15)            Temple (1/1) D:6            Lair (5/5) D:11
 Shoals (0/4) Lair:3       Spider (0/4) Lair:2        Slime (0/5) Lair:5
    Orc (2/2) D:9             Elf (0/3) Orc:2       Ossuary (visited)
 Bailey (visited)         Gauntlet (visited)

Altars:
Ashenzari
Cheibriados
Dithmenos
Fedhas
Gozag
Hepliaklqana
Kikubaaqudgha
Makhleb
Nemelex Xobeh
Okawaru
Qazlal
Ru
Sif Muna
Trog
Uskayaw
Vehumet
Wu Jian
Xom
Yredelemnul
Jiyva

Shops:
D:3 (   D:7 (   D:12 *:   Orc:2 (

Annotations:
Lair:5 2 runed translucent doors


Innate Abilities, Weirdness & Mutations

You are immune to poison.
Your flesh is cold resistant. (rC+)
You are immune to negative energy. (rN+++)
You are immune to unholy pain and torment.
You are vulnerable to heat. (rF-)
You are strongly in touch with the powers of death.
You do not drink.


Message History

The orc knight is no longer distracted by gold. x2
The stone giant hits you!
You shoot a bolt. The bolt hits the stone giant!
The bolt burns the stone giant.
The stone giant is severely wounded.
The stone giant hits you!!
You shoot a bolt. The bolt hits the stone giant!!
The bolt burns the stone giant.
The stone giant is almost dead.
The stone giant hits you!!
You are too injured to fight recklessly!
You are too injured to fight recklessly!
You are too injured to fight recklessly! [a] - 352 gold - heal wounds, curing and magic [b] - 1050 gold - curing, magic, resistance, might and haste [c] - 648 gold - resistance, might and haste Purchase which effect?
You no longer have enough gold to bribe branches to halt enemies' attacks and recruit allies.
You feel much better.
You feel better. Magic courses through your body. The stone giant hits you!
You shoot a bolt. The bolt hits the stone giant!
The bolt burns the stone giant.
You kill the stone giant!
The orc knight is distracted by your dazzling golden aura.
You shoot a bolt. The orc knight shouts!
The bolt hits the orc knight!!
The bolt burns the orc knight.
The orc knight is moderately wounded.
You shoot a bolt. The bolt barely misses the orc knight.
The orc knight hits you with a +0 great sword of holy wrath!
You convulse!
The orc knight barely misses you.
You are too injured to fight recklessly!
As you read the scroll of teleportation, it crumbles to dust.
You feel strangely unstable.
The orc knight no longer looks unusually strong.
The orc knight hits you with a +0 great sword of holy wrath!!
* * * LOW HITPOINT WARNING * * *
You convulse!!
You die...
Your body crumbles into a pile of gold.

.#...............##.......)<)....
)........#..........#............
............##......#....).).....
#.......,,,#.....................
.#####..#####....#.......)).....#
.....####...........#..^...#.#...
#................####..#........#
#.............##.# #............
##...........##o@# #.....)......
##...###...####$# #............
#####*#####**o.# #...#........
*****,,,** *,,...# ##...........
,,,*,,,,,***,.$..#***##..........
,,,+,,,,,+,+..####,∩,*#..........
,,,*,,,,,**#..,,,*,,,*#.........>
*****,,,** #.,,,,*,,,*#..........
**,,,** ****,,**,,*#.......#..


You could see 2 orc knights.

Vanquished Creatures
  Rupert (Lair:3)
  Gastronok (Lair:2)
  Frances (D:12)
  2 orc warlords
  A stone giant (Orc:2)
  A minotaur (Gauntlet)
  A dire elephant (Gauntlet)
  Snorg (Lair:3)
  A green death (Gauntlet)
  Fannar (Lair:3)
  9 hydras
  Harold (Lair:2)
  A boulder beetle (Lair:2)
  5 two-headed ogres
  A centaur warrior (D:9)
  3 death yaks (Lair:5)
  Amaemon (Lair:2)
  An obsidian statue (Gauntlet)
  A lindwurm (Lair:5)
  A necromancer (Gauntlet)
  6 orc knights (Orc:2)
  A wizard (Gauntlet)
  An orc sorcerer (Orc:1)
  An oklob plant (Lair:2)
  3 elephants
  3 cyclopes
  An ugly thing (D:12)
  3 molten gargoyles (Lair:5)
  An orange demon (Lair:2)
  15 cane toads
  4 black mambas
  A merfolk siren (Lair:3)
  A minotaur zombie (Gauntlet)
  12 komodo dragons
  An unseen horror (D:12)
  12 trolls
  Grinder (D:4)
  A meliai (Lair:2)
  A polar bear (Lair:2)
  4 slime creatures (D:12)
  2 hornets
  10 saltlings (Orc:2)
  5 blink frogs (Lair:2)
  7 dream sheep (Lair:5)
  2 wraiths
  32 yaks
  2 vampires
  12 wyverns
  4 steam dragons
  2 spriggans (Lair:2)
  6 basilisks
  4 wargs
  10 vampire mosquitoes
  2 acid dragons (D:11)
  4 hell hounds (Lair:5)
  9 water moccasins
  21 orc warriors
  5 black bears
  4 ice beasts
  A sky beast (D:7)
  29 wolves
  4 ogres
  A phantom (D:5)
  10 centaurs
  2 elf zombies (Ossuary)
  2 kobold brigands
  13 bullfrogs
  2 gnoll sergeants
  A necrophage (D:5)
  5 wights (D:9)
  9 killer bees
  3 howler monkeys (D:9)
  A centaur zombie (Ossuary)
  5 lava snakes (Lair:5)
  4 hounds (D:5)
  2 human zombies (Ossuary)
  A jelly (D:7)
  A gnoll bouda (D:6)
  8 orc priests
  27 orc wizards
  An iguana (D:5)
  3 mummies
  16 gnolls
  9 adders
  2 river rats (D:2)
  4 shadow imps
  2 white imps
  An ufetubus (D:6)
  4 worms (D:3)
  3 dart slugs
  65 orcs
  2 ball pythons (D:3)
  5 bats
  7 endoplasms
  A giant cockroach (D:2)
  4 goblins
  8 hobgoblins
  8 jackals (D:1)
  20 kobolds
  4 quokkas
  A frilled lizard (D:2)
  A goblin zombie (D:4)
  11 hobgoblin zombies
  4 jackal zombies (Ossuary)
  10 kobold zombies (Ossuary)
  8 orc zombies (Ossuary)
  19 rats
  A spectral orc (D:6)
  A bush (Lair:2)
  A pillar of salt (Orc:2)
608 creatures vanquished.

Vanquished Creatures (collateral kills)
  A manticore (D:11)
  A polar bear (Lair:3)
  3 merfolk (Lair:3)
  2 yaks (Lair:5)
7 creatures vanquished.

Vanquished Creatures (others)
  A rime drake (Lair:5)
  A warg (D:9)
  An orc warrior (Orc:1)
  4 fungi (Lair:5)
  A pillar of salt (Orc:2)
  13 plants
21 creatures vanquished.

Grand Total: 636 creatures vanquished

Notes
Turn   | Place    | Note
-------+----------+-------------------------------------------
     0 | D:1      | concernfroge the Mummy Monk began the quest for the Orb.
     0 | D:1      | Reached XP level 1. HP: 18/18 MP: 1/1
   179 | D:1      | Reached XP level 2. HP: 24/24 MP: 2/2
   566 | D:1      | Gained mutation: You are in touch with the powers of death.
                  | [Mummy growth]
   566 | D:1      | Reached XP level 3. HP: 16/30 MP: 3/3
  1084 | D:1      | Found a faded altar of an unknown god.
  1721 | D:2      | Reached XP level 4. HP: 38/38 MP: 4/4
  1775 | D:2      | Reached skill level 5 in Fighting
  2201 | D:3      | HP: 1/39 [river rat (8)]
  2507 | D:2      | HP: 1/39 [river rat (1)]
  2967 | D:3      | Reached XP level 5. HP: 20/46 MP: 5/5
  3465 | D:3      | Found Naecumn's Antique Weapon Shop.
  3488 | D:3      | Bought an iridescent arbalest for 161 gold pieces
  3488 | D:3      | Identified the +5 arbalest "Cickos" {flame, rElec Dex+3}
                  | (You bought it in a shop on level 3 of the Dungeon)
  3811 | D:3      | Reached skill level 1 in Ranged Weapons
  4352 | D:4      | Noticed Grinder
  4355 | D:4      | Killed Grinder
  4356 | D:4      | Reached skill level 3 in Ranged Weapons
  4356 | D:4      | Reached XP level 6. HP: 42/52 MP: 6/6
  4690 | D:4      | Found a sand-covered staircase.
  4695 | Ossuary  | Entered an ossuary
  4755 | Ossuary  | Reached skill level 4 in Ranged Weapons
  4755 | Ossuary  | Reached XP level 7. HP: 54/58 MP: 7/7
  4872 | Ossuary  | Reached skill level 5 in Ranged Weapons
  5177 | D:5      | Entered Level 5 of the Dungeon
  5319 | D:5      | Identified the ring "Feaz" {Ice Str+2}
  5389 | D:5      | Reached skill level 6 in Ranged Weapons
  5495 | D:5      | Reached XP level 8. HP: 64/64 MP: 8/8
  5650 | D:5      | Reached skill level 7 in Ranged Weapons
  6398 | D:6      | Reached skill level 8 in Ranged Weapons
  6447 | D:6      | Found a faded altar of an unknown god.
  6447 | D:6      | Found a hazy altar of Hepliaklqana.
  6448 | D:6      | Found a faded altar of an unknown god.
  6450 | D:6      | Found a faded altar of an unknown god.
  6497 | D:6      | Found a staircase to the Ecumenical Temple.
  6506 | Temple   | Entered the Ecumenical Temple
  6515 | Temple   | Became a worshipper of Gozag Ym Sagoz the Greedy
  6906 | D:6      | Found a basalt altar of Yredelemnul.
  7369 | D:7      | Reached XP level 9. HP: 69/69 MP: 9/9
  7760 | D:6      | Reached skill level 9 in Ranged Weapons
  8006 | D:7      | Found Inauwn's Antique Weapon Emporium.
  8275 | D:7      | Reached skill level 10 in Ranged Weapons
  9359 | D:8      | Found an iron altar of Okawaru.
  9783 | D:9      | Got the Compilation of Metal and the Blaze
  9818 | D:9      | Reached skill level 11 in Ranged Weapons
  9870 | D:9      | Reached XP level 10. HP: 45/76 MP: 10/10
 10298 | D:9      | Found a staircase to the Orcish Mines.
 10436 | D:9      | Noticed a centaur warrior
 10443 | D:9      | Killed a centaur warrior
 10444 | D:9      | Reached skill level 12 in Ranged Weapons
 11055 | D:10     | Entered Level 10 of the Dungeon
 11070 | D:10     | Reached skill level 13 in Ranged Weapons
 11354 | D:11     | Noticed an elephant
 11380 | D:10     | Reached XP level 11. HP: 43/81 MP: 11/11
 11570 | D:10     | Noticed a two-headed ogre
 11575 | D:10     | Killed a two-headed ogre
 11579 | D:10     | Noticed a two-headed ogre
 11586 | D:10     | Killed a two-headed ogre
 11598 | D:10     | Found a flagged portal.
 11705 | Bailey   | Entered a bailey
 11714 | Bailey   | Noticed an orc warlord
 11765 | Bailey   | Reached skill level 14 in Ranged Weapons
 11945 | Bailey   | Found a runed translucent gate.
 11948 | Bailey   | Found a runed translucent gate.
 11950 | Bailey   | Found a runed translucent gate.
 12157 | Bailey   | Killed an orc warlord
 12652 | D:11     | Found a staircase to the Lair.
 12693 | D:11     | HP: 4/81 [manticore/volley of spikes (17)]
 13073 | D:11     | Reached skill level 15 in Ranged Weapons
 13303 | D:11     | Noticed an eight-headed hydra
 13312 | D:11     | Acquired 844 gold pieces
 13370 | D:11     | Killed an eight-headed hydra
 13478 | D:11     | Noticed a six-headed hydra
 13482 | D:11     | Killed a six-headed hydra
 13542 | D:11     | Reached XP level 12. HP: 88/88 MP: 12/12
 13668 | Lair:1   | Entered Level 1 of the Lair of Beasts
 13827 | Lair:1   | Reached skill level 16 in Ranged Weapons
 13829 | Lair:1   | Noticed an eight-headed hydra
 13833 | Lair:1   | Killed an eight-headed hydra
 14545 | Lair:2   | Noticed Harold
 14558 | Lair:2   | Killed Harold
 14563 | Lair:2   | Reached skill level 17 in Ranged Weapons
 14630 | Lair:2   | Found a hole to the Spider Nest.
 14686 | Lair:2   | Noticed Gastronok
 14686 | Lair:2   | Noticed Amaemon
 14698 | Lair:2   | Killed Amaemon
 14699 | Lair:2   | HP: 3/88 [Gastronok/the air (41)]
 14796 | Lair:2   | Killed Gastronok
 14837 | Lair:2   | Noticed a boulder beetle
 14915 | Lair:2   | Killed a boulder beetle
 15110 | Lair:2   | Noticed a seven-headed hydra
 15119 | Lair:2   | Killed a seven-headed hydra
 15120 | Lair:2   | Gained mutation: You are strongly in touch with the powers
                  | of death. [Mummy growth]
 15120 | Lair:2   | Reached XP level 13. HP: 76/93 MP: 13/13
 15416 | Lair:3   | Reached skill level 18 in Ranged Weapons
 15444 | Lair:3   | Reached skill level 1 in Evocations
 15501 | Lair:3   | Noticed Rupert
 15515 | Lair:3   | Killed Rupert
 15544 | Lair:3   | Noticed Fannar
 15548 | Lair:3   | Killed Fannar
 15751 | Lair:3   | Found a staircase to the Shoals.
 15838 | Lair:3   | Noticed Snorg
 15845 | Lair:3   | Killed Snorg
 15926 | Lair:3   | Identified the +10 glaive of the Ass {drain, Fly rPois rC+
                  | rN+}
 17052 | Lair:5   | Entered Level 5 of the Lair of Beasts
 17098 | Lair:5   | Reached skill level 5 in Dodging
 17144 | Lair:5   | Reached skill level 5 in Evocations
 17163 | Lair:5   | Reached skill level 1 in Armour
 17263 | Lair:5   | Found a gate leading to a gauntlet.
 17295 | Gauntlet | Entered a Gauntlet
 17295 | Gauntlet | Found a transporter.
 17304 | Gauntlet | Found a transporter.
 17307 | Gauntlet | Found a transporter.
 17308 | Gauntlet | Found a transporter.
 17316 | Gauntlet | Found a transporter.
 17319 | Gauntlet | Found a transporter.
 17320 | Gauntlet | Found a transporter.
 17322 | Gauntlet | Noticed a dire elephant
 17329 | Gauntlet | Found a transporter.
 17332 | Gauntlet | Found a transporter.
 17333 | Gauntlet | Found a transporter.
 17337 | Gauntlet | Found a runed translucent door.
 17339 | Gauntlet | Found a runed translucent door.
 17341 | Gauntlet | Found a transporter.
 17344 | Gauntlet | Found a transporter.
 17345 | Gauntlet | Found a transporter.
 17348 | Gauntlet | Noticed a green death
 17358 | Gauntlet | Found a transporter.
 17538 | Gauntlet | Killed a dire elephant
 17564 | Gauntlet | Reached skill level 5 in Armour
 17564 | Gauntlet | Identified the +4 pair of gloves of Forking Paths {Int+4}
 17588 | Gauntlet | Killed a green death
 17609 | Gauntlet | Identified the +12 sling of the Throat {venom, Stlth+}
 17609 | Gauntlet | Noticed a minotaur
 17623 | Gauntlet | Killed a minotaur
 17624 | Gauntlet | Reached XP level 14. HP: 55/100 MP: 14/14
 18082 | Lair:5   | Found a large runed translucent door.
 18082 | Lair:5   | Found a large runed translucent door.
 18414 | Lair:5   | Found a staircase to the Slime Pits.
 18414 | Lair:5   | Found a viscous altar of Jiyva.
 19104 | D:12     | Found Osuariskola's General Store.
 19113 | D:12     | Bought a wand of light (7) for 382 gold pieces
 19113 | D:12     | Bought an amulet of reflection for 390 gold pieces
 19113 | D:12     | Bought a scroll of torment for 123 gold pieces
 19113 | D:12     | Bought a wand of charming (6) for 187 gold pieces
 19196 | D:12     | Found Taiqup's Book Shop.
 19312 | D:12     | Noticed Frances
 19331 | D:12     | Killed Frances
 19639 | Orc:1    | Entered Level 1 of the Orcish Mines
 19952 | Orc:1    | Noticed an orc warlord
 20094 | Orc:1    | Killed an orc warlord
 20380 | Orc:2    | Entered Level 2 of the Orcish Mines
 20827 | Orc:2    | Found a staircase to the Elven Halls.
 20858 | Orc:2    | Found Yhotagent's Weapon Shoppe.
 20921 | Orc:2    | Noticed a stone giant
 20930 | Orc:2    | Killed a stone giant
 20933 | Orc:2    | Mangled by an orc knight

Illustrated notes

Levels and vault maps discovered:
D:1:      dpeg_arrival_connections, layout_loops_corners,
          shapermc_ecumenical_altar_acropolis
D:2:      layout_loops_ring
D:3:      cheibrodos_pilgrimage, layout_loops_ring, lightli_sewer_entry_pipes,
          serial_shops, nicolae_shop_stone
D:4:      nicolae_cairo_tiling_large_dashed, layout_basic,
          nicolae_ossuary_entry_giza, uniq_grinder
D:5:      layout_basic, minmay_pentangle
D:6:      layout_cave_pods, yredelemnul_forgotten_temple_becter,
          nicolae_hepliaklqana_ecumenical_no_more, minmay_temple_entry_trees,
          minmay_a_box_with_orc_wizards_in_it
D:7:      layout_loops_ring, marbit_many_paths, serial_shops,
          nicolae_shop_competitors_out_of_business
D:8:      layout_loops_corners, overflow_temple_1_default,
          mainiacjoe_overflow_24_doors
D:9:      layout_irregular_city, david_orc_3, chequers_garden,
          minmay_fountain_box
D:10:     layout_rooms, serial_corexii_hall, chequers_hall_statues_wall_a,
          corexii_hall_statues_i, enter_bailey_6
D:11:     layout_cave_pools, david_lair_generic, minmay_quadrilaterals
D:12:     layout_rooms, serial_shops, nicolae_stop_n_shop_1, shop, uniq_frances
Temple:   sentei_temple_godly_chess
Lair:1:   layout_cellular_growth, grunt_megastairs_3, serial_bayou_shore_b
Lair:2:   layout_cave_shapes, hellmonk_spider_entry_not_the_bees, st_stairs_7,
          minmay_lair_oklob_bushes, forest_entry_grove, uniq_harold,
          uniq_gastronok, uniq_amaemon
Lair:3:   layout_cave_shapes, elwin_shoals_entry_stream, grunt_megastairs_2,
          serial_bayou_shore_b, uniq_snorg, uniq_rupert, uniq_fannar
Lair:4:   layout_cave_pods, serial_bayou_shore_b, grunt_megastairs_4
Lair:5:   cheibrodos_lair_end_hotspot, layout_hall_layers,
          dpeg_slime_entry_corner, gauntlet_entry_generic, serial_bayou_shore_b,
          infiniplex_staircase_pool
Orc:1:    layout_caves
Orc:2:    hellmonk_orc_salted, layout_caves, serial_shops, nicolae_shop_trees,
          guppyfry_library_mini

Skill      XL: |  1  2  3  4  5  6  7  8  9 10 11 12 13 14 |
---------------+-------------------------------------------+-----
Fighting       | 4 5 6 7 |  7.7
Ranged Weapons | 3 4 6 8 11 13 15 17 18 | 18.0
Evocations     | 5 6 |  6.3
Dodging        | 5 9 |  9.7
Armour         | 5 |  5.0
Polearms       | |  2.4
Stealth        | |  1.5

Action                   |  1- 3 |  4- 6 |  7- 9 | 10-12 | 13-15 || total
-------------------------+-------+-------+-------+-------+-------++-------
Melee: Spear             |   182 |     9 |       |       |       ||   191
       Punch             |     3 |     1 |       |       |       ||     4
       War axe           |       |   123 |       |       |       ||   123
       Dagger            |       |     4 |       |       |       ||     4
 Fire: Arbalest          |       |    53 |   280 |   434 |   738 ||  1505
Throw: Dart              |       |       |       |     4 |    10 ||    14
       Throwing net      |       |       |       |       |     1 ||     1
Invok: Potion Petition   |       |       |       |     3 |     6 ||     9
Evoke: Wand              |       |       |       |    11 |     6 ||    17
  Use: Scroll            |       |     5 |     8 |    16 |    15 ||    44
 Stab: Sleeping          |     5 |       |       |       |       ||     5
Armor: Robe              |     1 |       |       |       |       ||     1
       Ring mail         |    48 |    33 |       |       |       ||    81
       Leather armour    |       |    11 |    56 |    45 |    63 ||   175
Dodge: Dodged            |    82 |    90 |   161 |   175 |   223 ||   731
